[Event "*** Titled Tuesday Blitz"]
[Site "Chess.com"]
[Date "2020.05.19"]
[Round "1"]
[White "Marty435"]
[Black "emiliocordova"]
[Result "0-1"]
[WhiteElo "2419"]
[BlackElo "2815"]
[TimeControl "180+1"]
[EndTime "12:07:42 PDT"]
[Termination "emiliocordova won by checkmate"]

1. e4 c5 2. Nf3 d6 3. d4 cxd4 4.
Nxd4 Nf6 5. Nc3 Nc6 6. f3 h5 7.
Be3 Bd7 8. Bc4 e6 9. Qe2 a6 10.
O-O-O Rc8 11. Bb3 Qa5 12. Kb1 Be7 13. h3 h4 14. f4 Nh5 15. Rhe1 Ng3 16. Qf3 Qh5 17.
Qxh5 Rxh5 18. Nf3 Na5 19. Bf2 Nxb3 20. axb3 Bc6 21. Re3 Rh6 22. Nd4 Nh5 23. f5 e5 24.
Nde2 Nf6 25. Ng1 b5 26. b4 Bb7 27. Nf3 Rc4 28. Bxh4 Nxe4 29. Bxe7 Kxe7 30. Nd5+ Bxd5 31. Rxd5 Nf6 32. Rd1 g6 33. fxg6 Rxg6 34. g4 Rxb4 35. Nh4 Rg5 36. Nf5+ Rxf5 37. gxf5 Rf4 38. Red3 d5 39. Rc3 Kd6 40. Rc8 Rxf5 41. Ra8 e4 42. Rxa6+ Ke5 43. Rb6 e3 44. Re1 Ke4 45. Rxb5 Rf2 46.
Kc1 d4 47. Rg5 Nd5 48. Rg4+ Nf4 49. h4 f5 50. Rgg1 d3 51. cxd3+ Nxd3+ 52. Kb1 Rxb2+ 53. Ka1 Rh2 54. Kb1 Nxe1 55. Rxe1 f4 56. Kc1 f3 57. Kd1 Rxh4 58. Rg1 Kd3 59. Rg3 Rh1+ 60. Rg1 Rxg1# 0-1

[Event "*** Titled Tuesday Blitz"]
[Site "Chess.com"]
[Date "2020.05.19"]
[Round "1"]
[White "LittlePeasant"]
[Black "ninullia"]
[Result "1-0"]
[WhiteElo "2788"]
[BlackElo "2411"]
[TimeControl "180+1"]
[EndTime "12:07:42 PDT"]
[Termination "LittlePeasant won on time"]

1. Nf3 d5 2. c4 d4 3. b4 c5 4. g3 a5 5. bxc5 Nc6 6. Bg2 e5 7. O-O Bxc5 8. d3 Nf6 9. Bg5 O-O 10. Nbd2 Be7 11. Bxf6 Bxf6 12. Rb1 Re8 13. Rb5 Nb4 14. a3 Na2 15. Ne4 Bf5 16. Nfd2 Nc3 17. Nxc3 dxc3 18. Ne4 Bxe4 19. Bxe4 Qe7 20. Qb3 c2 21. Rc1 a4 22.
Qb2 Rab8 23. Rxc2 b6 24. Qb4 Qa7 25. Qb2 g6 26. Rc1 Bg7 27. Rb1 Re6 28. c5 Kh8 29. cxb6 Qa6 30. b7 f5 31. Bd5 Rd6 32. Qb4 h6 33. Rb6 Rxb6 34. Qxb6 Qxb6 35. Rxb6 Kh7 36. Rc6 Rxb7 37. Ra6 Rb2 38. e3 Rb1+ 39. Kg2 Ra1 40. Rxa4 f4 41. Be4 fxe3 42. fxe3 Ra2+ 43. Kf3 Bf8 44.
Ra7+ Kh8 45. a4 Bb4 46. Bxg6 Rxh2 47. Rb7 1-0

[Event "*** Titled Tuesday Blitz"]
[Site "Chess.com"]
[Date "2020.05.19"]
[Round "1"]
[White "Fusikk"]
[Black "CalinGheorghiu"]
[Result "1-0"]
[WhiteElo "2579"]
[BlackElo "2287"]
[TimeControl "180+1"]
[EndTime "12:07:43 PDT"]
[Termination "Fusikk won by checkmate"]

1. Nf3 d5 2. g3 Nf6 3. Bg2 e6 4. O-O Be7 5. d3 O-O 6. Nbd2 c5 7. e4 dxe4 8. dxe4 Nc6 9. c3 b6 10. e5 Nd7 11. Qe2 Qc7 12. Re1 a5 13. a4 Ba6 14.
Nc4 b5 15. axb5 Bxb5 16. Bf4 Nb6 17. Nfd2 Nd5 18. Qe4 Nxf4 19. Qxf4 Rfd8 20. Na3 Bd3 21. Ndc4 a4 22. Qf3 Ra6 23. Rad1 Bg6 24. Nb5 Qb8 25. Nbd6 Nxe5 26. Nxe5 Rdxd6 27. Rxd6 Bxd6 28. Nc4 Bf8 29. h4 h5 30. Rd1 Qb3 31. Qe2 Bf5 32. Rd8 Ra7 33. Bf3 g6 34. Nd6 a3 35. bxa3 Rxa3 36.
Nxf5 gxf5 37. Bxh5 Ra1+ 38. Kh2 Qb1 39. Bxf7+ Kxf7 40. Qh5+ Ke7 41. Qg5+ Kf7 42. Rd7+ Ke8 43. Qd8# 1-0

[Event "*** Titled Tuesday Blitz"]
[Site "Chess.com"]
[Date "2020.05.19"]
[Round "1"]
[White "AnnaChessLook"]
[Black "Szparu"]
[Result "0-1"]
[WhiteElo "2198"]
[BlackElo "2525"]
[TimeControl "180+1"]
[EndTime "12:07:43 PDT"]
[Termination "Szparu won by resignation"]

1. d4 Nf6 2. c4 g6 3. Nc3 d5 4.
Nf3 Bg7 5. Bg5 Ne4 6. cxd5 Nxg5 7. Nxg5 e6 8. Nf3 exd5 9. e3 a5 10. Bd3 O-O 11. O-O c6 12. a3 Na6 13. Rb1 Qe7 14. Re1 Be6 15. e4 dxe4 16. Nxe4 h6 17. Qc2 Qd8 18. Nc5 Nxc5 19. dxc5 Bd5 20. Be4 Bxe4 21. Qxe4 Re8 22. Qc4 Qf6 23. b4 axb4 24. axb4 Rxe1+ 25. Rxe1 Qc3 26. Qe4 Ra1 27. h3 Rxe1+ 28.
Qxe1 Qc4 29. Qe8+ Kh7 30. Qe7 Qc1+ 31. Kh2 Qf4+ 32. Kg1 Qxb4 33. Qxf7 Qxc5 34. Qxb7 Qc1+ 35. Kh2 Qf4+ 36. Kg1 Qe4 37. Qa7 Qd5 38. Kh2 c5 39. Qe7 c4 40. Qe2 c3 41. Qc2 Qb5 42. Nh4 Qb6 43.
g3 h5 44. Kg2 Kh6 45. Nf3 Qb2 46.
h4 Qxc2 0-1

[Event "*** Titled Tuesday Blitz"]
[Site "Chess.com"]
[Date "2020.05.19"]
[Round "1"]
[White "Grootneus"]
[Black "Airquake"]
[Result "0-1"]
[WhiteElo "2196"]
[BlackElo "2521"]
[TimeControl "180+1"]
[EndTime "12:07:43 PDT"]
[Termination "Airquake won by resignation"]

1. e4 c5 2. Nf3 d6 3. c3 Nf6 4. Be2 g6 5. O-O Bg7 6. Re1 O-O 7. Bc4 e6 8. h3 Nc6 9. d3 a6 10. Bb3 b5 11. Nbd2 Bb7 12. Nf1 Ne5 13. Nxe5 dxe5 14. Be3 Qd6 15. Qe2 Rfd8 16. Rad1 Rac8 17. Ng3 Qc6 18.
h4 h5 19. Bg5 Rd7 20. Qf3 Ng4 21. Nf1 a5 22. Ne3 a4 23. Bc2 Nxe3 24. Qxe3 f5 25.
Qg3 f4 26. Qh3 Kf7 27. Bb1 Bf6 28. a3 Bxg5 29. hxg5 Rcd8 30. g4 Rh8 31. Kg2 Qd6 32. Rh1 Qe7 33. Ba2 Qxg5 34. f3 Rhd8 35. Kf2 Rxd3 36. gxh5 Qg3+ 37. Qxg3 fxg3+ 38. Ke2 Rxd1 39. hxg6+ Kxg6 40. Rxd1 Rxd1 41. Kxd1 g2 0-1

[Event "*** Titled Tuesday Blitz"]
[Site "Chess.com"]
[Date "2020.05.19"]
[Round "1"]
[White "vanyakuba"]
[Black "VojtechPlat"]
[Result "0-1"]
[WhiteElo "2449"]
[BlackElo "2888"]
[TimeControl "180+1"]
[EndTime "12:07:44 PDT"]
[Termination "VojtechPlat won on time"]

1. e4 d6 2. d4 Nf6 3. Nc3 e5 4. Nf3 Nbd7 5. g3 Be7 6. Bg2 O-O 7. O-O a5 8. a4 c6 9. Re1 Re8 10. b3 Qc7 11. Bb2 Bf8 12. Qd2 exd4 13. Nxd4 Nc5 14. h3 Bd7 15. Rad1 Rad8 16. f4 Bc8 17. Qf2 g6 18.
Rd2 Bg7 19. Rde2 Nh5 20. Kh2 Qb6 21. e5 dxe5 22. fxe5 Nd3 23. cxd3 Qxd4 24. Qxd4 Rxd4 25. Ne4 Rxd3 26. Nf6+ Bxf6 27. exf6 Rxe2 28. Rxe2 Be6 29. Be4 Rd8 30. Rf2 g5 31. Bc2 h6 32. Bc3 b6 33.
Re2 Rd6 34. Rf2 Bd5 35. Bf5 Bxb3 36. Bg4 Bd1 37. Bxh5 Bxh5 38. g4 Bg6 39. Re2 Kh7 40. Re7 h5 41. gxh5 Bxh5 42. Be5 Rd2+ 43. Kg3 Kg6 44. Rb7 Rd3+ 45. Kg2 Rd5 46. Ba1 b5 47. axb5 cxb5 48. Ra7 b4 49. Ra8 Bd1 0-1

[Event "*** Titled Tuesday Blitz"]
[Site "Chess.com"]
[Date "2020.05.19"]
[Round "1"]
[White "Baronessa08"]
[Black "Mykola-Bortnyk"]
[Result "0-1"]
[WhiteElo "2445"]
[BlackElo "2881"]
[TimeControl "180+1"]
[EndTime "12:07:44 PDT"]
[Termination "Mykola-Bortnyk won on time"]

1. c4 e5 2. g3 g6 3. Bg2 Bg7 4. Nc3 Ne7 5. Nf3 O-O 6. O-O d5 7. cxd5 Nxd5 8. d3 h6 9. Bd2 Nc6 10.
Rc1 Be6 11. a3 a6 12. Ne4 Qc8 13. Nc5 Rb8 14. Nxe6 Qxe6 15. Ne1 Kh7 16. Nc2 f5 17.
Ne3 Nxe3 18. Bxe3 Rf7 19. Qa4 Nd4 20. Rfe1 c6 21. Qc4 Qd7 22. Bd2 f4 23. Bc3 fxg3 24.
hxg3 Rbf8 25. Bxd4 exd4 26. f4 Qg4 27. Kh2 Rxf4 28. gxf4 Qxf4+ 29. Kg1 Qf2+ 30. Kh1 Be5 31. Qe6 Rf5 32. Qd7+ Kh8 33. Qe8+ Kh7 34. Qd7+ Kh8 35. Qe8+ Kg7 36. Qd7+ Kf8 37. Qd8+ Kf7 38. Qd7+ Kf6 39. Qd8+ Ke6 40. Qc8+ Ke7 41. Qxb7+ Kd8 42. Qa8+ Kd7 43. Qxc6+ Ke7 44. Qb7+ Kf6 45. Qc6+ Kg5 46. Rf1 Qh4+ 0-1

[Event "*** Titled Tuesday Blitz"]
[Site "Chess.com"]
[Date "2020.05.19"]
[Round "1"]
[White "GMALMEIDA"]
[Black "Omk124"]
[Result "1-0"]
[WhiteElo "2691"]
[BlackElo "2367"]
[TimeControl "180+1"]
[EndTime "12:07:44 PDT"]
[Termination "GMALMEIDA won by checkmate"]

1. d4 Nf6 2. Nf3 g6 3. c4 Bg7 4. Nc3 d5 5. Bg5 c6 6. e3 O-O 7.
h3 Nbd7 8. cxd5 cxd5 9. Bd3 a6 10.
a4 b6 11. O-O Bb7 12. Qb3 e6 13. Ne5 h6 14. Nxd7 Qxd7 15. Bxf6 Bxf6 16. Qxb6 Rfb8 17. Qb3 Bc6 18. Qc2 Be7 19. f4 Kg7 20. Qe2 Qa7 21. g4 Bd7 22. f5 Bf6 23. fxg6 fxg6 24. Qc2 g5 25. Rf2 Rf8 26. Raf1 Be7 27. Bh7 Be8 28. Rxf8 Bxf8 29. Qf2 Be7 30. Bd3 Qb7 31. e4 Bg6 32. exd5 Bxd3 33. Qf7+ Kh8 34. Rf6 Bxf6 35. Qxb7 Bxd4+ 36. Kg2 Rf8 37. dxe6 Rf2+ 38. Kg3 Rd2 39. Qd5 Bf2+ 40.
Kf3 Be2+ 41. Kxf2 Rxd5 42. Nxd5 Bc4 43. e7 Bxd5 44. e8=Q+ Kg7 45. Qd7+ Kg8 46. Qxd5+ Kh8 47. Qd7 Kg8 48. Ke3 Kh8 49. Ke4 Kg8 50. Ke5 Kh8 51.
Kf6 Kg8 52. Qg7# 1-0

[Event "*** Titled Tuesday Blitz"]
[Site "Chess.com"]
[Date "2020.05.19"]
[Round "1"]
[White "Char_dasha"]
[Black "cassoulet"]
[Result "0-1"]
[WhiteElo "2327"]
[BlackElo "2634"]
[TimeControl "180+1"]
[EndTime "12:07:44 PDT"]
[Termination "cassoulet won on time"]

1. c4 e6 2. Nc3 Nf6 3. d4 d5 4.
cxd5 exd5 5. Bg5 Be7 6. e3 Nbd7 7. Bd3 c6 8. Qc2 O-O 9. Nf3 h6 10. Bh4 Re8 11. O-O-O Ne4 12. Bxe7 Qxe7 13. Bxe4 dxe4 14. Nd2 Nf6 15. Kb1 Bg4 16. f3 Bf5 17. Ka1 Bh7 18.
fxe4 Nxe4 19. Ndxe4 Bxe4 20. Qf2 Qg5 21. Rdf1 Bg6 22.
e4 Rad8 23. h4 Qh5 24. g4 Qxg4 25. h5 Bxh5 26. Rh4 Qg5 27. Rg1 Qa5 28. e5 Bg6 29.
Ne4 Re6 30. Nc5 Re7 31. e6 Rf8 32. Rhg4 b6 33. Nd7 Rd8 34. exf7+ Rxf7 35. Qg2 Rdxd7 36. Rxg6 Qd5 37. Qg3 Qxd4 38. a3 Qc4 39. Rxh6 Rf1+ 40.
Rxf1 Qxf1+ 41. Ka2 Qf7+ 42. Kb1 Qf5+ 43. Ka2 Qf7+ 44.
Kb1 Qf1+ 45. Ka2 Qc4+ 0-1

[Event "*** Titled Tuesday Blitz"]
[Site "Chess.com"]
[Date "2020.05.19"]
[Round "1"]
[White "Chessmatus"]
[Black "ZverevLev"]
[Result "0-1"]
[WhiteElo "2490"]
[BlackElo "2156"]
[TimeControl "180+1"]
[EndTime "12:07:44 PDT"]
[Termination "ZverevLev won by checkmate"]

1. e4 e5 2. Nf3 Nc6 3. Bb5 a6 4. Ba4 Nf6 5. O-O Be7 6. Re1 b5 7. Bb3 d6 8. c3 O-O 9. h3 Na5 10. Bc2 c5 11. d4 cxd4 12. cxd4 Bb7 13. d5 Nc4 14. b3 Nb6 15. Nbd2 Rc8 16. Nf1 Re8 17.
Ng3 g6 18. Bd3 Bf8 19. Bg5 Bg7 20. Qd2 Nbd7 21. Rac1 Nc5 22. Bb1 Qb6 23. h4 h5 24.
Bh6 Bh8 25. Bg5 Bg7 26. Rc3 b4 27. Rc4 a5 28. Be3 Nfd7 29. Bh6 Bh8 30. Nxh5 gxh5 31.
Qg5+ Kh7 32. Qxh5 Kg8 33. Qg4+ Kh7 34. Qh5 Kg8 35. Be3 Qd8 36. Ng5 Qf6 37. Qh7+ Kf8 38. f4 Qg7 39. Qh5 Nf6 40. Qf3 Ba6 41. Rcc1 Ncd7 42.
Rxc8 Rxc8 43. fxe5 Nxe5 44. Qf5 Qg6 45. Qf4 Nh5 46.
Qf2 Ng4 47. Qd2 Bc3 48. Qd1 Bxe1 49. Qxe1 Nxe3 50. Qxe3 Qg7 51. Qb6 Rc1+ 52. Kf2 Qb2+ 53. Kf3 Qe2# 0-1

[Event "*** Titled Tuesday Blitz"]
[Site "Chess.com"]
[Date "2020.05.19"]
[Round "1"]
[White "enriquetejedor"]
[Black "yobdc"]
[Result "1-0"]
[WhiteElo "2472"]
[BlackElo "1928"]
[TimeControl "180+1"]
[EndTime "12:07:44 PDT"]
[Termination "enriquetejedor won on time"]

1. e4 c6 2. Nc3 d5 3. d4 dxe4 4.
Nxe4 Bf5 5. Ng3 Bg6 6. h4 h6 7. h5 Bh7 8. Nf3 Nd7 9. Bd3 Bxd3 10.
Qxd3 e6 11. Bd2 Ngf6 12. O-O-O Be7 13. Kb1 Qb6 14. Ne4 Nxe4 15. Qxe4 Nf6 16. Qe2 a5 17. c4 a4 18. g4 Qa6 19. g5 hxg5 20. Nxg5 b5 21. Rde1 Qb7 22. h6 Rxh6 23. Rxh6 gxh6 24. Nxf7 Qd7 25. Nxh6 O-O-O 26. Qxe6 bxc4 27. Qxe7 Qxd4 28. Qe6+ Kb7 29. Bc3 Qd3+ 30. Kc1 Nd5 31. Qf5 Nxc3 32. Qxd3 Nxa2+ 33. Kb1 Rxd3 34. Kxa2 Rd2 35. Rc1 Rxf2 36. Rxc4 Kb6 37. Rxa4 Kb5 38. Ra3 c5 39. Rb3+ Ka4 40. Ng4 Rg2 41. Ra3+ Kb4 42. Ne3 Re2 43. Rb3+ Ka4 44. Nc4 1-0

[Event "*** Titled Tuesday Blitz"]
[Site "Chess.com"]
[Date "2020.05.19"]
[Round "1"]
[White "rasmussvane"]
[Black "jerry_77"]
[Result "1-0"]
[WhiteElo "2890"]
[BlackElo "2449"]
[TimeControl "180+1"]
[EndTime "12:07:45 PDT"]
[Termination "rasmussvane won by resignation"]

1. Nf3 Nf6 2. g3 e6 3. Bg2 d5 4. O-O Be7 5. c4 d4 6. e3 c5 7. exd4 cxd4 8. Ne5 O-O 9. d3 Qc7 10. Re1 Bd6 11. Qe2 Nbd7 12. Bf4 Bxe5 13. Bxe5 Nxe5 14.
Qxe5 Qb6 15. Qb5 Qxb5 16. cxb5 a6 17. Na3 Re8 18. b6 a5 19. Nc4 Ra6 20. Nd6 Rxb6 21. Nxe8 Nxe8 22. Rac1 Bd7 23. b3 f6 24. Rc5 a4 25.
bxa4 Bxa4 26. Rc4 Ra6 27. Bxb7 Ra7 28. Rxd4 e5 29. Bd5+ Kf8 30. Rb4 Ke7 31. d4 Nc7 32. Be4 Ne6 33. dxe5 fxe5 34. Bxh7 Kf6 35. Bg8 Bd7 36.
Bxe6 Bxe6 37. a4 Bd7 38. Ra1 Kf5 39. a5 Bc6 40. a6 Bf3 41. Kf1 g5 42. h4 gxh4 43.
Rxh4 e4 44. Rh6 Kg5 45. Rb6 e3 46. fxe3 Kg4 47. Kf2 Rf7 48. Rb4+ Kg5 49. Rf4 1-0

[Event "*** Titled Tuesday Blitz"]
[Site "Chess.com"]
[Date "2020.05.19"]
[Round "1"]
[White "Volodar_Murzin"]
[Black "GasconJR"]
[Result "0-1"]
[WhiteElo "2741"]
[BlackElo "2417"]
[TimeControl "180+1"]
[EndTime "12:07:45 PDT"]
[Termination "GasconJR won on time"]

1. d4 f5 2. Nf3 Nf6 3. g3 e6 4. Bg2 d5 5. O-O Bd6 6. c4 O-O 7. Nc3 c6 8. b3 b6 9. Bb2 Bb7 10. Qc1 Nbd7 11. Ba3 c5 12. cxd5 exd5 13. e3 Rc8 14. Qb2 cxd4 15. Bxd6 dxc3 16. Qa3 Re8 17. Qxa7 Bc6 18. Nd4 Ne4 19. Rfc1 Ba8 20. Bb4 Ndc5 21. f3 Qg5 22. Nc2 d4 23. exd4 Nd3 24. fxe4 Nxc1 25. Qa3 Ne2+ 26. Kh1 Qd2 27. Ne1 Bxe4 28. Bxe4 Rxe4 29.
Qa6 Rce8 30. Qc4+ Kh8 31. Nf3 Qe3 32. Rf1 Nxd4 33. Qxc3 Qxc3 34. Bxc3 Nxf3 35. Rxf3 Re3 36. Rxe3 Rxe3 37. Bd4 Re1+ 38. Kg2 Re2+ 39. Kh3 Rxa2 40. Bxb6 Rb2 41. Bd8 Rxb3 42. Bg5 Kg8 43. Bc1 Kf7 44. Bf4 Kf6 45. Kg2 g5 46. h4 gxf4 47. gxf4 Kg6 48.
Kh2 Kh5 49. Kg2 Kg4 0-1

[Event "*** Titled Tuesday Blitz"]
[Site "Chess.com"]
[Date "2020.05.19"]
[Round "1"]
[White "peixe64"]
[Black "SCIM"]
[Result "1/2-1/2"]
[WhiteElo "2256"]
[BlackElo "2546"]
[TimeControl "180+1"]
[EndTime "12:07:45 PDT"]
[Termination "Game drawn by repetition"]

1. d4 Nf6 2. c4 g6 3. Nc3 d5 4.
cxd5 Nxd5 5. e4 Nxc3 6. bxc3 Bg7 7. Nf3 c5 8. Rb1 Nc6 9. d5 Ne5 10. Nxe5 Bxe5 11. c4 Qa5+ 12. Bd2 Qxa2 13. Be2 O-O 14. h4 h5 15. g4 Bxg4 16. Bxg4 hxg4 17. h5 Qxc4 18. Qxg4 Bg7 19. Rc1 f5 20. Rxc4 fxg4 21. hxg6 Bd4 22. Rh2 b5 23. Rc2 a5 24. Bg5 Ra7 25. Rh7 b4 26. Be3 b3 27. Bxd4 cxd4 28.
Rb2 a4 29. Rb1 d3 30. Kd2 Rxf2+ 31. Ke3 Rf3+ 32. Kd4 Rh3 33. Rf7 Rf3 34. Rh7 d2 35. e5 Rf4+ 36. Ke3 Rc4 37. Rbh1 Rc1 38. Rh8+ Kg7 39. R1h7+ Kxg6 40. Rh6+ Kg5 41. Rh5+ Kg6 42. R5h6+ Kf5 43. Rh5+ Kg6 44. R5h6+ 1/2-1/2

[Event "*** Titled Tuesday Blitz"]
[Site "Chess.com"]
[Date "2020.05.19"]
[Round "1"]
[White "Supernotar"]
[Black "rekosheten"]
[Result "1-0"]
[WhiteElo "2680"]
[BlackElo "2363"]
[TimeControl "180+1"]
[EndTime "12:07:46 PDT"]
[Termination "Supernotar won by resignation"]

1. d4 Nf6 2. c4 e6 3. Nf3 b6 4. g3 Ba6 5. Nbd2 Bb4 6. Qc2 Bb7 7. Bg2 Be4 8. Qb3 Nc6 9. e3 Qe7 10. O-O Bxd2 11. Bxd2 O-O 12. Bc3 d6 13. Rad1 a6 14. Rfe1 Rfb8 15. a4 Nd7 16. Qa2 b5 17. d5 Nd8 18. b3 bxc4 19. bxc4 e5 20. Nd2 Bxg2 21. Kxg2 Nc5 22. Rb1 Qg5 23. Qc2 Qg6 24. e4 h5 25.
h4 Qg4 26. f3 Qd7 27. a5 Qa4 28. Qxa4 Nxa4 29. Ba1 Nb7 30. Rb4 Nbc5 31. Reb1 Rxb4 32. Rxb4 Kf8 33. f4 f6 34. Kf3 Ke7 35. Nf1 Kd7 36.
Ne3 Kc8 37. Nf5 g6 38. Ne7+ Kd7 39. Nxg6 Rg8 40. f5 Kc8 41. Rb1 Rg7 42. Bb2 Nd3 43. Bc1 Nxc1 44. Rxc1 Nc5 45. Re1 Nb3 46. g4 hxg4+ 47. Kxg4 Rh7 48. h5 Nxa5 49. Rh1 Nb3 50. h6 a5 51. Nf8 Rh8 52. h7 a4 53. Ng6 Rxh7 54. Rxh7 a3 55. Rh2 Nc1 56. Rc2 Nd3 57.
Ra2 Nb4 1-0

[Event "*** Titled Tuesday Blitz"]
[Site "Chess.com"]
[Date "2020.05.19"]
[Round "1"]
[White "noblerone"]
[Black "pedro_nascimento85"]
[Result "1-0"]
[WhiteElo "2466"]
[BlackElo "1730"]
[TimeControl "180+1"]
[EndTime "12:07:46 PDT"]
[Termination "noblerone won on time"]

1. d4 d5 2. Nf3 Nf6 3. Bg5 e6 4. Nbd2 Be7 5. e3 O-O 6. Bd3 c5 7. c3 Nc6 8. O-O Qb6 9. Rb1 cxd4 10. exd4 h6 11. Bh4 Bd7 12. Ne5 Qc7 13. f4 Ne8 14. Bg3 Nxe5 15. fxe5 Qb6 16. Qh5 Bb5 17. Bxb5 Qxb5 18. Rf2 Bg5 19. Bf4 Bxf4 20. Rxf4 f6 21. Rbf1 Qxb2 22. Qh3 Qxd2 23. Rg4 f5 24. Rg3 Rf7 25.
Qh5 Rc8 26. Qg6 Rc6 27. h3 Nc7 28. Rff3 a5 29. Kh2 b5 30. a3 b4 31. axb4 axb4 32. cxb4 Rb6 33. Rd3 Qb2 34. Qxh6 Kf8 35. Qg5 Ke8 36.
Qh5 Qxb4 37. Qh8+ Qf8 38. Qh4 Qe7 39. Qf4 Kd7 40. Ra3 1-0

[Event "*** Titled Tuesday Blitz"]
[Site "Chess.com"]
[Date "2020.05.19"]
[Round "1"]
[White "Keks2017"]
[Black "talaicito"]
[Result "1-0"]
[WhiteElo "2507"]
[BlackElo "2151"]
[TimeControl "180+1"]
[EndTime "12:07:48 PDT"]
[Termination "Keks2017 won on time"]

1. e4 e6 2. d4 d5 3. Nc3 Bb4 4.
e5 Ne7 5. a3 Ba5 6. b4 Bb6 7. Be3 a5 8. Nf3 axb4 9. axb4 Rxa1 10. Qxa1 O-O 11. Bd3 Na6 12. Qb2 c6 13. Ne2 Nf5 14.
Bd2 Nc7 15. O-O Nb5 16. c3 Nh4 17. Ng5 h6 18. Nh3 f6 19. f4 fxe5 20. fxe5 Rxf1+ 21. Kxf1 Bd7 22. Kg1 Be8 23. Nef4 Qe7 24. Be1 Nc7 25. Qf2 g5 26. Ne2 Bg6 27. Bxg6 Nxg6 28. Qg3 Qf7 29.
Nf2 h5 30. Qxg5 Qf5 31. Qxf5 exf5 32. Bd2 Ne6 33. Nd3 Kg7 34. Kf2 Kh7 35. g3 Kg7 36.
Kf3 Kh7 37. h4 Kg7 38. Bg5 Nxg5+ 39. hxg5 Bd8 40. Ndf4 Kf7 41. Nxh5 Bxg5 42. Nef4 Nxf4 43. Nxf4 Be7 44. g4 fxg4+ 45. Kxg4 Kg7 46. Kf5 Kf7 47.
e6+ Kg7 48. Nd3 Bd6 49. Nc5 b6 50. Nd3 Kf8 51. Ne5 c5 52. bxc5 bxc5 53. Ng6+ Ke8 54.
Nf4 cxd4 55. cxd4 Ba3 56. Nxd5 Bb2 57. Ke5 Ba1 58. Ne3 Bb2 59. Nf5 Bc3 60. Ke4 Bb4 61.
d5 Bc5 62. d6 1-0

[Event "*** Titled Tuesday Blitz"]
[Site "Chess.com"]
[Date "2020.05.19"]
[Round "1"]
[White "Barmen_EV"]
[Black "TenisMaster"]
[Result "1-0"]
[WhiteElo "2454"]
[BlackElo "2779"]
[TimeControl "180+1"]
[EndTime "12:07:49 PDT"]
[Termination "Barmen_EV won on time"]

1. d4 Nf6 2. c4 e6 3. Nc3 Bb4 4. e3 O-O 5. a3 Bxc3+ 6. bxc3 c5 7. Ne2 Nc6 8. Ng3 b6 9. e4 Ne8 10. Bd3 Ba6 11. O-O Na5 12. f4 Bxc4 13. f5 f6 14. Bxc4 Nxc4 15. Qe2 Na5 16. Bf4 cxd4 17. cxd4 Rc8 18. Rad1 Qe7 19. fxe6 dxe6 20. d5 e5 21. Nf5 Qd7 22. Qg4 Kh8 23. Bd2 Nb3 24. Bb4 Nc5 25. Qh4 Nd6 26. Rf3 Nxf5 27. exf5 a5 28. Bxc5 Rxc5 29. d6 Rfc8 30. h3 Rc1 31. Rd3 Rxd1+ 32.
Rxd1 Qxf5 33. d7 Rd8 34. Qc4 1-0

[Event "*** Titled Tuesday Blitz"]
[Site "Chess.com"]
[Date "2020.05.19"]
[Round "1"]
[White "mbojan"]
[Black "YellowJacek"]
[Result "1-0"]
[WhiteElo "2602"]
[BlackElo "2303"]
[TimeControl "180+1"]
[EndTime "12:07:49 PDT"]
[Termination "mbojan won by resignation"]

1. e4 c5 2. Nf3 d6 3. d4 cxd4 4. Nxd4 Nf6 5. Nc3 g6 6. Be3 Bg7 7. f3 O-O 8. Qd2 Nc6 9. O-O-O d5 10. Nxc6 bxc6 11. Bh6 Bxh6 12. Qxh6 Rb8 13. e5 Nd7 14. h4 f6 15. exf6 Nxf6 16. Bd3 Bf5 17. Bxf5 gxf5 18.
Qg5+ Kh8 19. Qxf5 Qb6 20. b3 Qe3+ 21. Kb2 e6 22. Qd3 Qxd3 23. Rxd3 Nh5 24. Ne2 Kg7 25. g4 Nf4 26. Nxf4 Rxf4 27. Re1 Kf6 28. Rde3 Re8 29. Kc1 e5 30. Kd2 h5 31. g5+ Kf5 32. Rh1 d4 33. Rd3 Ke6 34. c3 c5 35. cxd4 cxd4 36.
b4 Ref8 37. Ke2 Kd5 38. a3 Rc8 39. Kd2 Rcf8 40. Rh3 Rc8 41. Kd1 Kc4 42. Rd2 Kd5 43. Rc2 Rcf8 44. Rc5+ Kd6 45. Ke2 e4 46. fxe4 Rf2+ 47.
Kd3 R8f3+ 48. Rxf3 Rxf3+ 49. Kxd4 Rh3 50. e5+ Ke6 51. Rc6+ Kd7 52. Rh6 1-0

[Event "*** Titled Tuesday Blitz"]
[Site "Chess.com"]
[Date "2020.05.19"]
[Round "1"]
[White "kasparicy"]
[Black "Dr-Bassem"]
[Result "0-1"]
[WhiteElo "2412"]
[BlackElo "2789"]
[TimeControl "180+1"]
[EndTime "12:07:51 PDT"]
[Termination "Dr-Bassem won on time"]

1. e4 e5 2. Nf3 Nc6 3. Bc4 Nf6 4.
d3 h6 5. c3 d6 6. Nbd2 g6 7.
Bb3 Bg7 8. O-O O-O 9. h3 Re8 10. Re1 d5 11. exd5 Nxd5 12. Nf1 Kh7 13. Ng3 f5 14. a3 Be6 15. Bd2 Qd6 16. Qc2 Rad8 17. Rad1 a6 18. Bc1 b5 19. Ba2 a5 20. c4 Nf4 21.
Bxf4 exf4 22. Ne2 g5 23. d4 Bxc4 24. Qxf5+ Qg6 25. Qxg6+ Kxg6 26. Bxc4 bxc4 27. Rc1 Nxd4 28. Nexd4 Rxe1+ 29. Rxe1 Bxd4 30. Re6+ Kf5 31. Rc6 Bb6 32. Rxc4 Rd1+ 33. Kh2 Bxf2 34. g4+ fxg3+ 35. Kg2 c5 36. b4 cxb4 37. axb4 a4 38. b5 a3 39. Ra4 Rd3 40. Ra6 h5 41. b6 Rb3 42. b7 g4 43. hxg4+ hxg4 44. Nh4+ Kg5 45. Ng6 Rxb7 46. Ne5 Rb3 0-1

[Event "*** Titled Tuesday Blitz"]
[Site "Chess.com"]
[Date "2020.05.19"]
[Round "1"]
[White "WPWPWP-2015"]
[Black "Harsha_Bharathakoti"]
[Result "0-1"]
[WhiteElo "2402"]
[BlackElo "2758"]
[TimeControl "180+1"]
[EndTime "12:07:51 PDT"]
[Termination "Harsha_Bharathakoti won on time"]

1. e4 c5 2. Nf3 Nc6 3. d4 cxd4 4. Nxd4 e5 5. Nb5 d6 6. c4 a6 7. N5c3 Be7 8. Be2 Nf6 9. O-O O-O 10. Be3 Be6 11. Nd2 Rc8 12. Rc1 Nd7 13. g3 Nd4 14. f4 f5 15. Bd3 Nc5 16. Bb1 b5 17. cxb5 axb5 18. Nd5 Bxd5 19. exd5 Bf6 20. Bxd4 exd4 21. Bxf5 Ra8 22. Bb1 d3 23. Nf3 Bxb2 24. Rxc5 dxc5 25. Qxd3 g6 26. Ng5 c4 27. Qd2 Qb6+ 28. Kh1 Bf6 29.
Ne6 Rf7 30. f5 c3 31. Qh6 Qd6 32. Be4 gxf5 33. Rxf5 Qe7 34. Rf4 Rxa2 35. Rg4+ Kh8 36. Qe3 Ra1+ 37. Kg2 Ra8 38. Kh3 Rg8 39. Qd3 Rxg4 40.
Kxg4 Be5 41. Kh3 b4 42. d6 Qxe6+ 43. Kg2 Qxd6 0-1

[Event "*** Titled Tuesday Blitz"]
[Site "Chess.com"]
[Date "2020.05.19"]
[Round "1"]
[White "Kislov_Oleg"]
[Black "BlackBoarder"]
[Result "0-1"]
[WhiteElo "2345"]
[BlackElo "2651"]
[TimeControl "180+1"]
[EndTime "12:07:51 PDT"]
[Termination "BlackBoarder won by resignation"]

1. e4 e6 2. d4 d5 3. Nc3 Bb4 4. exd5 exd5 5. Bd3 Nf6 6. Ne2 O-O 7. O-O c6 8. Bg5 h6 9. Bh4 Re8 10. a3 Bd6 11. Bg3 Bg4 12. f3 Bxg3 13. Nxg3 Be6 14.
Qd2 Qb6 15. Nce2 Nbd7 16. f4 Bg4 17. c3 Ne4 18. Bxe4 dxe4 19. f5 Nf6 20. Nf4 e3 21. Qc2 Qc7 22. h3 Nd5 23. Nxd5 Qxg3 24. hxg4 cxd5 25. Qe2 Re4 26. Qf3 Qxg4 27. Qxg4 Rxg4 28.
Rae1 Re8 29. Rf3 Rge4 30. Kf1 h5 31. Ke2 Kh7 32. Rh1 Kh6 33. Rhh3 Rg4 34. Rhg3 Kg5 35.
Rxe3 Rxe3+ 36. Rxe3 Rxg2+ 37. Kd3 h4 38. Re7 h3 39.
Rxf7 Kh6 40. Rf8 Kh7 41. f6 gxf6 42. Rxf6 h2 43. Rf7+ Kg6 44. Rf1 Rg1 0-1

[Event "*** Titled Tuesday Blitz"]
[Site "Chess.com"]
[Date "2020.05.19"]
[Round "1"]
[White "grzechu96"]
[Black "SHIVACalypso"]
[Result "1-0"]
[WhiteElo "2592"]
[BlackElo "2297"]
[TimeControl "180+1"]
[EndTime "12:07:51 PDT"]
[Termination "grzechu96 won on time"]

1. e4 e6 2. d4 d5 3. Nc3 Nf6 4. e5 Nfd7 5. f4 c5 6. Nf3 Nc6 7. Be3 Be7 8. Qd2 O-O 9. dxc5 Qa5 10. a3 Bxc5 11. Bxc5 Nxc5 12. Nd4 Nxd4 13. Qxd4 Ne4 14. b4 Qc7 15. Nxe4 dxe4 16. c4 b6 17. Be2 Bb7 18.
O-O Rfd8 19. Qe3 Rd7 20. Rfd1 Rad8 21. Rxd7 Rxd7 22. Rc1 Qd8 23. Rc2 Rd1+ 24. Kf2 Qh4+ 25. Qg3 Qxg3+ 26. hxg3 Ra1 27. Rc3 Ra2 28. Ke3 Kf8 29.
g4 Ke7 30. g5 f6 31. gxf6+ gxf6 32. exf6+ Kxf6 33. g4 h6 34. Kf2 e5 35. fxe5+ Kxe5 36. Rh3 Kf4 37. c5 bxc5 38. bxc5 Ba6 39. Re3 Bxe2 40.
Rxe2 e3+ 41. Kf1 Ra1+ 42. Re1 Rxa3 43. Rc1 Kf3 44. c6 e2+ 45. Ke1 1-0